 Dungeon Crawl Stone Soup version 0.24.0-2-g5b39cebb1c (webtiles) character file.

Game seed: 10212002210007747550, levelgen mode: deterministic

102 Oravi the Grave Robber (level 4, -2/37 HPs)
             Began as a Ghoul Necromancer on Oct 31, 2019.
             Slain by Natasha the wolf (7 damage)
             ... on level 3 of the Dungeon.
             The game lasted 00:08:18 (3606 turns).

Oravi the Grave Robber (Ghoul Necromancer)          Turns: 3606, Time: 00:08:19

Health: -2/37      AC:  8    Str: 15 (17) XL:     4   Next: 78%
Magic:  5/5        EV: 15    Int: 10      God:
Gold:   80         SH:  0    Dex: 14      Spells: 5/6 levels left

rFire    . . .     SeeInvis .     - Unarmed
rCold    + . .     Gourm    .   (no shield)
rNeg     + + +     Faith    .   f - +0 scale mail
rPois    ∞         Spirit   .   (no helmet)
rElec    .         Reflect  .   g - +0 cloak
rCorr    .         Harm     .   r - +0 pair of gloves
MR       .....                  (no boots)
Stlth    ++........             (no amulet)
HPRegen  0.00/turn              (no ring)
MPRegen  0.09/turn              (no ring)

@: mighty, agile, rotting
A: rotting body, claws 1, carnivore, cold resistance 1, negative energy
resistance 3, inhibited regeneration, torment resistance, unbreathing
a: no special abilities


You were on level 3 of the Dungeon.
You were not hungry.

You visited 1 branch of the dungeon, and saw 3 of its levels.

You collected 80 gold pieces.

Inventory:

Hand Weapons
 a - a +0 hunting sling
Missiles
 h - 83 stones (quivered)
 k - 20 poisoned darts
 p - 13 sling bullets
 v - 4 silver javelins
Armour
 f - a +0 scale mail (worn)
 g - a +0 cloak (worn)
 o - a +0 robe
 r - a +0 pair of gloves (worn)
Wands
 m - a wand of polymorph (8)
Scrolls
 b - a scroll of remove curse {unknown}
 i - 6 scrolls of identify {unknown}
 n - 2 scrolls of enchant armour {unknown}
 q - 2 scrolls of immolation {unknown}
 t - a scroll of amnesia {unknown}
Potions
 u - 2 potions of ambrosia {unknown}
Comestibles
 c - 6 rations


   Skills:
 * Level 2.7 Fighting
 + Level 1.4 Armour
 - Level 1.7 Dodging
 - Level 2.1 Stealth
 * Level 2.8 Unarmed Combat
 - Level 1.7 Spellcasting
 - Level 4.0 Necromancy


You had 5 spell levels left.
You knew the following spells:

 Your Spells              Type           Power        Failure   Level  Hunger
a - Pain                  Necr           #...         24%         1    ##.....

Your spell library contained the following spells:

 Spells                   Type           Power        Failure   Level  Hunger
 Animate Skeleton         Necr           N/A          24%         1    ##.....
 Vampiric Draining        Necr           #.........   58%         3    ####...
 Regeneration             Chrm/Necr      #.........   86%         3    ####...
 Animate Dead             Necr           N/A          94%         4    #####..


Dungeon Overview and Level Annotations

Branches:
Dungeon (3/15)

Altars:
Fedhas

Annotations:
D:3 Natasha


Innate Abilities, Weirdness & Mutations

Your body is rotting away.
You thrive on raw meat.
You are immune to poison.
You have sharp fingernails.
You are carnivorous and can eat meat at any time.
Your flesh is cold resistant. (rC+)
You are immune to negative energy. (rN+++)
You do not regenerate when monsters are visible.
You are immune to unholy pain and torment.
You can survive without breathing.


Message History

Natasha is heavily wounded.
Natasha closely misses you. x2
You miss Natasha.
Natasha is heavily wounded.
Natasha bites you.
* * * LOW HITPOINT WARNING * * *
You closely miss Natasha.
Natasha is heavily wounded.
Natasha barely misses you. Natasha bites you.
* * * LOW HITPOINT WARNING * * *
You punch Natasha!
Natasha is almost dead.
Natasha barely misses you. Natasha closely misses you.
You hit Natasha.
Natasha is almost dead.
Natasha bites you but does no damage.
You miss Natasha.
Natasha is almost dead.
Natasha barely misses you. Natasha bites you!
You die...

#..# .. #(.# .. .# #..#
.. .# #..#
#.###.#####.####..######
........................
#.......# #.####.####.#
##......# #.....h.....#
##......# #.####@######
........# #.# #.#
...#....###.####.#
###..............#######
##.#....................
..##..##........########
.###..#####.#####
......# #)#
....#.#####.#


You could see Natasha the wolf.

Vanquished Creatures
  An adder (D:2)
  2 oozes
  2 worms (D:3)
  3 dart slugs
  3 leopard geckos
  4 orcs (D:3)
  2 giant cockroaches (D:1)
  8 goblins
  3 hobgoblins
  2 jackals (D:2)
  A quokka (D:2)
  A ball python (D:3)
  7 bats
  13 frilled lizards
  11 kobolds
  6 rats
69 creatures vanquished.

Vanquished Creatures (others)
  A plant (D:1)
1 creature vanquished.

Grand Total: 70 creatures vanquished

Notes
Turn   | Place    | Note
-------+----------+-------------------------------------------
     0 | D:1      | Oravi the Ghoul Necromancer began the quest for the Orb.
     0 | D:1      | Reached XP level 1. HP: 14/14 MP: 2/2
   392 | D:1      | Reached skill level 1 in Fighting
   392 | D:1      | Reached skill level 1 in Unarmed Combat
   392 | D:1      | Reached XP level 2. HP: 21/23 MP: 3/3
   885 | D:1      | Reached XP level 3. HP: 21/28 MP: 4/4
  1274 | D:1      | Reached skill level 1 in Armour
  1725 | D:2      | Reached XP level 4. HP: 36/36 MP: 5/5
  3395 | D:3      | Found a blossoming altar of Fedhas.
  3581 | D:3      | Noticed Natasha
  3582 | D:3      | Noticed Natasha
  3582 | D:3      | Natasha changed into Natasha the wolf
  3597 | D:3      | HP: 1/37 [Natasha the wolf (9)]
  3606 | D:3      | Slain by Natasha the wolf

Levels and vault maps discovered:
D:1:      minmay_arrival_wavy_path, layout_loops_ring,
          minmay_misc_feat_four_crosses, minmay_lizard_king
D:2:      layout_basic, minmay_tall_x
D:3:      layout_basic, minmay_misc_feat_square, fedhas_ov_isle_minmay,
          uniq_natasha

Skill      XL: |  1  2  3 |
---------------+----------+-----
Fighting       | 1 2 |  2.7
Unarmed Combat | 1 2 |  2.8
Armour         | 1 |  1.4
Dodging        | |  1.7
Stealth        | |  2.1
Spellcasting   | |  1.7
Necromancy     | |  4.0

Action                   |  1- 3 |  4- 6 || total
-------------------------+-------+-------++-------
Melee: Unarmed           |   189 |   127 ||   316
 Fire: Hunting sling     |       |   112 ||   112
 Cast: Pain              |     1 |       ||     1
Evoke: Wand              |       |     1 ||     1
  Use: Potion            |       |     6 ||     6
  Eat: Chunk             |     4 |     9 ||    13
Armor: Scale mail        |    79 |    73 ||   152
       Robe              |     1 |       ||     1
Dodge: Dodged            |    94 |    86 ||   180
